 Dungeon Crawl Stone Soup version 0.24-a0-441-g27f0392e16 (webtiles) character file.

Game seed: 904915129666678211

12395 nikopol the Thaumaturge (level 11, -5/56 HPs)
             Began as a Deep Elf Fire Elementalist on June 19, 2019.
             Was an Elder of Vehumet.
             Slain by an ogre
             ... wielding a +0 giant club
              (15 damage)
             ... on level 10 of the Dungeon.
             The game lasted 00:32:53 (11846 turns).

nikopol the Thaumaturge (DEFE)                     Turns: 11846, Time: 00:32:54

Health: -5/56      AC:  4    Str:  5    XL:     11   Next: 61%
Magic:  17/40      EV: 18    Int: 24    God:    Vehumet [****..]
Gold:   409        SH:  0    Dex: 15    Spells: 20/39 levels left

rFire    . . .     SeeInvis .   r - +4 dagger (elec)
rCold    . . .     Gourm    .   (no shield)
rNeg     . . .     Faith    .   a - +0 robe
rPois    .         Spirit   .   s - +1 hat
rElec    .         Reflect  .   (no cloak)
rCorr    .         Harm     .   (no gloves)
MR       +....                  x - +0 pair of boots
Stlth    +++.......             (no amulet)
HPRegen  0.18/turn              v - ring of magical power
MPRegen  0.27/turn              i - +3 ring of evasion

@: slowed, lightly drained, very slow
A: no striking features
a: Renounce Religion


You were on level 10 of the Dungeon.
You worshipped Vehumet.
Vehumet was greatly pleased with you.
You were not hungry.

You visited 2 branches of the dungeon, and saw 11 of its levels.

You collected 409 gold pieces.

Inventory:

Hand Weapons
 r - a +4 dagger of electrocution (weapon)
Armour
 a - a +0 robe (worn)
 s - a +1 hat (worn)
 x - a +0 pair of boots (worn)
Jewellery
 d - a cursed ring of teleportation {unknown}
 i - a +3 ring of evasion (right hand)
 v - a ring of magical power (left hand)
 y - an uncursed ring of flight {unknown}
 A - an uncursed ring of protection from magic {unknown}
 B - a +2 ring of strength {unknown}
 C - an uncursed ring of stealth {unknown}
 I - an uncursed ring of see invisible
Wands
 D - a wand of iceblast (4)
 F - a wand of acid (1)
 H - a wand of random effects (14)
Scrolls
 b - a scroll of fear {unknown}
 f - 3 scrolls of teleportation {unknown}
 l - 2 scrolls of random uselessness {unknown}
 n - 6 scrolls of remove curse
 p - 7 scrolls of identify {unknown}
 q - a scroll of enchant armour {unknown}
 t - 4 scrolls of magic mapping {unknown}
 E - a scroll of amnesia {unknown}
 G - a scroll of holy word {unknown}
Potions
 e - 4 potions of agility {unknown}
 g - 2 potions of mutation {unknown}
 h - 2 potions of curing {unknown}
 j - 4 potions of flight {unknown}
 k - 3 potions of haste {unknown}
 m - 2 potions of degeneration {unknown}
 o - 2 potions of might {unknown}
 u - 2 potions of brilliance {unknown}
 w - a potion of heal wounds {unknown}
 z - 2 potions of berserk rage {unknown}
Comestibles
 c - 11 rations
 J - 5 chunks of flesh


   Skills:
 + Level 1.2 Fighting
 + Level 5.6 Dodging
 + Level 4.8(4.7) Stealth
 + Level 14.5 Spellcasting
 + Level 10.4 Conjurations
 + Level 11.1 Fire Magic
 + Level 0.3 Evocations


You had 20 spell levels left.
You knew the following spells:

 Your Spells              Type           Power        Failure   Level  Hunger
a - Flame Tongue          Conj/Fire      #####        1%          1    None
b - Throw Flame           Conj/Fire      ######       1%          2    None
c - Conjure Flame         Conj/Fire      ######..     1%          3    None
d - Sticky Flame          Conj/Fire      ######..     1%          4    None
e - Fireball              Conj/Fire      ######....   1%          5    ##.....
f - Throw Icicle          Conj/Ice       #####...     1%          4    None

Your spell library contained the following spells:

 Spells                   Type           Power        Failure   Level  Hunger
 Iskenderun's Battlesphe  Conj/Chrm      #####...     3%          5    ##.....
 Inner Flame              Hex/Fire       #####...     1%          3    None


Dungeon Overview and Level Annotations

Branches:
Dungeon (10/15)            Temple (1/1) D:6            Lair (0/6) D:10
    Orc: D:9-12

Altars:
Ashenzari
Cheibriados
Dithmenos
Elyvilon
Fedhas
Gozag
Hepliaklqana
Kikubaaqudgha
Makhleb
Nemelex Xobeh
Okawaru
Qazlal
Ru
Sif Muna
Trog
Uskayaw
Vehumet
Wu Jian
Xom
Yredelemnul
Zin
The Shining One

Annotations:
D:10 Josephine


Message History

Josephine hits you with a +0 short sword!
Josephine misses you. The ogre barely misses you.
Casting: Flame Tongue (safe; 1% risk of failure)
Confirm with . or Enter, or press ? or * to list all spells.
Aiming: Sticky Flame (safe; 1% risk of failure)
Press: ? - help, Shift-Dir - straight line, f - ogre, p - Josephine
Aim: an ogre, wielding a +0 giant club The sticky flame hits the ogre!
The ogre is moderately wounded.
The ogre is covered in liquid flames!
Josephine burns! x2; The ogre burns! x2
A wraith comes into view.
Josephine hits you with a +0 short sword.
A wraith comes into view.
The ogre hits you with a +0 giant club!
* * * LOW HITPOINT WARNING * * *
The ogre burns!
Josephine hits you with a +0 short sword.
* * * LOW HITPOINT WARNING * * *
The ogre hits you with a +0 giant club!
You die...

#..# ..... #.#. #... #.. #.. .
#..# #..#)# . #..# ## ##..# .
##5.###.### #. #W###
.##...#8.8)8#..#### #.### .#
..#...#.8.8.#..#O@###...#...#
..O.(..8.8.8.##.@#.WW#)....#
#.#K..#.8.8.##.####W..###.....
<.....#8.8.8 #...####W# .###
#..#|.###.#####.#####.###..#
...#.....(............@....#
#....###..(.#..............#
......>.................####
####..........##.#..###..#
.............###...## #....


You could see Josephine (burning) and an ogre (burning).

Vanquished Creatures
  A centaur warrior (D:10)
  3 death yaks (D:10)
  Nergalle (D:10)
  A gargoyle (D:10)
  2 trolls (D:9)
  Grinder (D:6)
  A hornet (D:10)
  3 slime creatures (D:8)
  5 hippogriffs
  2 wraiths
  Sigmund (D:2)
  A yak (D:10)
  A wyvern (D:10)
  A hungry ghost (D:8)
  A vampire mosquito (D:9)
  A water moccasin (D:10)
  2 porcupines (D:10)
  An ice beast (D:8)
  8 orc warriors
  2 sky beasts
  3 phantoms
  2 necrophages
  5 ogres
  6 centaurs
  A crocodile (D:9)
  2 big kobolds (D:10)
  7 bullfrogs
  A gnoll sergeant (D:10)
  A scorpion (D:10)
  A troll zombie (D:9)
  A water moccasin skeleton (D:4)
  4 killer bees (D:7)
  A wight (D:9)
  2 howler monkeys (D:6)
  5 crimson imps
  4 bullfrog zombies
  4 hounds
  2 jellies
  5 human zombies (D:9)
  8 orc priests
  3 centaur skeletons
  A bullfrog skeleton (D:8)
  9 orc wizards
  2 hell rats (D:10)
  2 iguanas
  A human skeleton (D:9)
  12 worker ants
  An ogre zombie (D:9)
  4 hound skeletons
  A mummy (D:9)
  A howler monkey skeleton (D:7)
  4 gnolls (D:10)
  9 adders
  4 shadow imps
  5 oozes
  2 adder skeletons
  4 worms
  2 dart slugs
  12 leopard geckos
  45 orcs
  A ball python (D:4)
  3 bats
  4 giant cockroaches
  6 goblins
  4 hobgoblins
  8 jackals
  5 quokkas
  3 frilled lizards
  A giant cockroach zombie (D:6)
  14 kobolds
  A leopard gecko zombie (D:8)
  8 rats
286 creatures vanquished.

Notes
Turn   | Place    | Note
-------+----------+-------------------------------------------
     0 | D:1      | nikopol the Deep Elf Fire Elementalist began the quest for
                  | the Orb.
     0 | D:1      | Reached XP level 1. HP: 10/10 MP: 6/6
   109 | D:1      | Reached XP level 2. HP: 15/15 MP: 5/8
   397 | D:1      | Reached XP level 3. HP: 19/19 MP: 5/10
   403 | D:1      | Learned a level 2 spell: Throw Flame
   407 | D:1      | Learned a level 3 spell: Conjure Flame
   773 | D:2      | Noticed Sigmund
   833 | D:1      | Reached skill level 4 in Spellcasting
  1259 | D:2      | Killed Sigmund
  1259 | D:2      | Reached XP level 4. HP: 24/24 MP: 2/12
  1259 | D:2      | Reached XP level 5. HP: 28/28 MP: 2/14
  1270 | D:2      | Learned a level 4 spell: Sticky Flame
  1360 | D:2      | Found a glowing golden altar of the Shining One.
  1410 | D:3      | Reached skill level 5 in Spellcasting
  1483 | D:3      | Found a burning altar of Makhleb.
  2079 | D:3      | Reached XP level 6. HP: 32/32 MP: 9/15
  2556 | D:4      | Reached skill level 5 in Fire Magic
  2658 | D:4      | Learned a level 5 spell: Fireball
  2859 | D:4      | Reached XP level 7. HP: 36/36 MP: 16/17
  3243 | D:4      | Found a sparkling altar of Nemelex Xobeh.
  3327 | D:4      | Reached skill level 6 in Spellcasting
  3408 | D:4      | Reached skill level 5 in Conjurations
  3622 | D:5      | Entered Level 5 of the Dungeon
  3690 | D:5      | Found a shadowy altar of Dithmenos.
  4126 | D:5      | Reached skill level 7 in Spellcasting
  4138 | D:5      | Found a glowing silver altar of Zin.
  4150 | D:5      | Reached XP level 8. HP: 36/42 MP: 20/20
  4198 | D:5      | Found an iron altar of Okawaru.
  4783 | D:6      | Noticed Grinder
  4791 | D:6      | Killed Grinder
  4888 | D:6      | Reached skill level 8 in Spellcasting
  5271 | D:6      | Reached skill level 9 in Spellcasting
  5845 | D:6      | Found a staircase to the Ecumenical Temple.
  5850 | Temple   | Entered the Ecumenical Temple
  6067 | D:7      | Reached XP level 9. HP: 46/46 MP: 19/24
  6393 | D:7      | Reached skill level 10 in Spellcasting
  6651 | D:7      | Found a shattered altar of Ashenzari.
  7113 | D:7      | Reached skill level 11 in Spellcasting
  7187 | D:8      | Found a radiant altar of Vehumet.
  7192 | D:8      | Became a worshipper of Vehumet
  7195 | D:8      | Reached skill level 1 in Fighting
  7196 | D:8      | Reached skill level 5 in Dodging
  7501 | D:8      | Reached XP level 10. HP: 52/52 MP: 22/27
  7643 | D:8      | Reached * piety under Vehumet
  7643 | D:8      | Offered knowledge of Sandblast by Vehumet.
  7947 | D:8      | Reached skill level 12 in Spellcasting
  7968 | D:8      | Found a snail-covered altar of Cheibriados.
  8597 | D:9      | Reached ** piety under Vehumet
  8640 | D:9      | Offered knowledge of Freeze by Vehumet.
  9423 | D:9      | Found a basalt altar of Yredelemnul.
  9555 | D:9      | Offered knowledge of Ignite Poison by Vehumet.
  9636 | D:10     | Entered Level 10 of the Dungeon
  9640 | D:10     | Reached skill level 13 in Spellcasting
  9730 | D:10     | Reached *** piety under Vehumet
  9887 | D:9      | Offered knowledge of Throw Icicle by Vehumet.
 10049 | D:9      | Learned a level 4 spell: Throw Icicle
 10057 | D:10     | Reached skill level 10 in Fire Magic
 10092 | D:10     | Noticed a death yak
 10095 | D:10     | Noticed a death yak
 10237 | D:10     | Reached XP level 11. HP: 56/56 MP: 30/30
 10329 | D:10     | Killed a death yak
 10477 | D:10     | Noticed a death yak
 10480 | D:10     | Noticed a centaur warrior
 10483 | D:10     | Killed a death yak
 10656 | D:10     | Identified the +5 whip "Hukioqaj" {flame, rElec rPois Str+7
                  | Dex-2}
 10656 | D:10     | Identified the +12 trident "Hunnog" {holy, rF- MR+ Str+2
                  | Stlth+}
 10854 | D:10     | Killed a centaur warrior
 10854 | D:10     | Reached **** piety under Vehumet
 10854 | D:10     | Reached skill level 14 in Spellcasting
 11154 | D:10     | Killed a death yak
 11154 | D:10     | Reached skill level 10 in Conjurations
 11277 | D:10     | Offered knowledge of Iskenderun's Battlesphere by Vehumet.
 11623 | D:10     | Found a staircase to the Lair.
 11704 | D:10     | Noticed Nergalle
 11712 | D:10     | Killed Nergalle
 11831 | D:10     | Noticed Josephine
 11846 | D:10     | Slain by an ogre

Levels and vault maps discovered:
D:1:      dpeg_arrival_fog, layout_rooms
D:2:      layout_rooms, old_standard_altar, first_ration, uniq_sigmund
D:3:      layout_basic, lemuel_crystal_altar, hangedman_abyss_or_decor_stabs,
          serial_bayou_lagoon_a, corexii_hall_statues_x
D:4:      layout_loops_corners, nemelex_xobeh_ov_fountains_minmay,
          due_unseen_surprise
D:5:      layout_loops_ring, overflow_temple_1_default,
          lemuel_coloured_pillars_altar, overflow_temple_1_default
D:6:      cheibrodos_quashed, layout_basic, minmay_temple_entry_nine_rooms,
          minmay_misc_feat_doors, uniq_grinder
D:7:      layout_loops_ring, ashenzari_altar_1
D:8:      layout_rooms, kennysheep_little_box, overflow_temple_1_default
D:9:      layout_basic, lemuel_mausoleum_altar_yredelemnul
D:10:     minmay_the_grid_square_5x5_3x3
          [minmay_the_grid_square_5x5_checkered_statues,
          minmay_the_grid_square_5x5_tetrominoes,
          minmay_the_grid_square_5x5_broken_cross,
          minmay_the_grid_square_5x5_six_small,
          minmay_the_grid_square_5x5_megaprize_diamond,
          minmay_the_grid_square_5x5_gyroscope,
          minmay_the_grid_square_5x5_checkered_sparse,
          minmay_the_grid_square_5x5_meh, minmay_the_grid_square_5x5_n],
          layout_rooms, dpeg_lair_monsters, uniq_josephine, uniq_nergalle
Temple:   nicolae_temple_hex_pool

Skill      XL: |  1  2  3  4  5  6  7  8  9 10 11 |
---------------+----------------------------------+-----
Stealth        | 3 4 |  4.8
Spellcasting   | 4 5 7 9 11 13 14 | 14.5
Fire Magic     | 4 5 6 8 10 11 | 11.1
Dodging        | 3 4 5 |  5.6
Conjurations   | 2 4 5 6 8 9 10 | 10.4
Fighting       | 1 |  1.2
Evocations     | |  0.3

Action                   |  1- 3 |  4- 6 |  7- 9 | 10-12 || total
-------------------------+-------+-------+-------+-------++-------
Melee: Dagger            |       |     1 |     2 |     4 ||     7
 Cast: Flame Tongue      |    62 |    71 |   201 |   192 ||   526
       Throw Flame       |     2 |     2 |     8 |     8 ||    20
       Sticky Flame      |       |     2 |    36 |    53 ||    91
       Conjure Flame     |       |       |     5 |     4 ||     9
       Fireball          |       |       |     8 |    60 ||    68
       Throw Icicle      |       |       |       |     7 ||     7
Evoke: Wand              |       |       |       |     5 ||     5
  Use: Scroll            |       |       |       |     1 ||     1
  Eat: Chunk             |     1 |     5 |    13 |    12 ||    31
       Ration            |       |       |     1 |     2 ||     3
Armor: Robe              |    10 |     3 |     3 |    10 ||    26
Dodge: Dodged            |    36 |    23 |    73 |   100 ||   232

Table legend:
 A = Non-vault XP
 B = Vault XP
 C = Vault XP percentage of total XP
 D = Non-vault monster count
 E = Vault monster count
 F = Vault count percentage of total count
                 A         B        C        D         E       F
            +---------+---------+-------+---------+---------+-------
      Total |   10382 |    7326 |  41.4 |     246 |      40 |  14.0
            +---------+---------+-------+---------+---------+-------
        D:1 |      69 |       0 |   0.0 |      25 |       0 |   0.0
        D:2 |      16 |     205 |  92.8 |       6 |       1 |  14.3
        D:3 |     102 |       0 |   0.0 |      15 |       0 |   0.0
        D:4 |     772 |       0 |   0.0 |      30 |       0 |   0.0
        D:5 |     344 |       0 |   0.0 |      10 |       0 |   0.0
        D:6 |     850 |     277 |  24.6 |      19 |       1 |   5.0
        D:7 |    1643 |       0 |   0.0 |      27 |       0 |   0.0
        D:8 |    2038 |       0 |   0.0 |      31 |       0 |   0.0
        D:9 |    2246 |     923 |  29.1 |      35 |      13 |  27.1
       D:10 |    2302 |    5921 |  72.0 |      48 |      25 |  34.2
            +---------+---------+-------+---------+---------+-------
